 Dungeon Crawl Stone Soup version 0.29.0-4-gdea44cf6ec (webtiles) character file.

Game seed: 15327395865627417222

145 qw the Sneak (level 5, -9/32 HPs)
             Began as a Gargoyle Delver on Sept 10, 2022.
             Was an Initiate of Okawaru.
             Mangled by a hobgoblin
             ... wielding a +0 mace of protection
             ... led by Robin
              (13 damage)
             ... on level 3 of the Dungeon.
             The game lasted 00:00:27 (1064 turns).

qw the Sneak (Gargoyle Delver)                      Turns: 1064, Time: 00:00:27

Health: -9/32      AC:  9    Str: 17    XL:     5   Next: 27%
Magic:  5/5        EV: 10    Int: 11    God:    Okawaru [......]
Gold:   20         SH:  0    Dex: 11    Spells: 4/4 levels left

rFire   . . .      SeeInvis .   Y - +0 hand axe
rCold   . . .      Faith    .   (no shield)
rNeg    + . .      Spirit   .   d - +0 ring mail
rPois   inf        Reflect  .   (no helmet)
rElec   +          Harm     .   (no cloak)
rCorr   .          Rampage  .   (no gloves)
Will    .....                   (no boots)
Stlth   ++........              (no amulet)
HPRegen 0.10/turn               (no ring)
MPRegen 0.09/turn               (no ring)

@: no status effects
A: sickness immunity, AC +4, negative energy resistance 1, electricity
resistance, torment resistance 1, petrification resistance
a: Renounce Religion


You were on level 3 of the Dungeon.
You worshipped Okawaru.
Okawaru was noncommittal.
You visited 2 branches of the dungeon, and saw 4 of its levels.

You collected 20 gold pieces.


Innate Abilities, Weirdness & Mutations

You are immune to sickness and miasma.
Your stone body is resilient. (AC +4)
You are immune to poison.
You resist negative energy. (rN+)
You are resistant to electric shocks. (rElec)
You are resistant to unholy torment.
You are immune to petrification.


   Skills:
 - Level 3.2 Fighting
 - Level 4.7 Axes
 + Level 0.8 Armour
 - Level 1.5 Dodging
 - Level 5.4 Stealth


You had 4 spell levels left.
You didn't know any spells.
Your spell library was empty.

Inventory:

Hand Weapons
 Y - a +0 hand axe (weapon)
Armour
 d - a +0 ring mail (worn)
Wands
 g - a wand of digging (3)
Scrolls
 a - a scroll of amnesia {unknown}
 i - a scroll of identify
Potions
 e - a potion of curing
 f - a potion of haste

Dungeon Overview and Level Annotations

Branches:
Dungeon (5/15)             Temple (1/1) D:4

Altars:
Cheibriados
Dithmenos
Elyvilon
Fedhas
Gozag
Hepliaklqana
Kikubaaqudgha
Makhleb
Nemelex Xobeh
Okawaru
Qazlal
Ru
Sif Muna
Trog
Uskayaw
Vehumet
Xom
Yredelemnul

Annotations:
D:3 Robin


Message History

The goblin is heavily wounded.
You hit Robin. You closely miss the goblin.
You feel your willpower return. The goblin hits you with a +0 club.
Robin throws the goblin at you!
You hit the goblin.
You kill the goblin!
Okawaru accepts your kill.
You barely miss the goblin. You hit Robin. You hit the goblin.
You kill the goblin!
Okawaru accepts your kill.
You barely miss the goblin. The goblin hits you with a +0 club.
The frilled lizard unfolds its giant frill.
The goblin barely misses you. Robin closely misses you.
You barely miss Robin.
Robin is heavily wounded.
You closely miss the hobgoblin. You barely miss the goblin.
You slash the goblin!
You kill the goblin!
Okawaru accepts your kill. The goblin completely misses you.
Robin barely misses you.
The hobgoblin hits you but does no damage.
The hobgoblin hits you with a +0 mace of protection.
Robin throws the goblin at you! The goblin hits you but does no damage.
You hit Robin.
Robin is heavily wounded.
You hit the goblin.
You kill the goblin!
Okawaru accepts your kill.
You hit the hobgoblin but do no damage. You barely miss the goblin.
The hobgoblin hits you with a +0 mace of protection!
The goblin barely misses you. Robin hits you but does no damage.
You hit Robin but do no damage.
Robin is heavily wounded.
You hit the frilled lizard.
You kill the frilled lizard!
Okawaru accepts your kill.
You closely miss the goblin. You hit the hobgoblin but do no damage.
The hobgoblin hits you with a +0 mace of protection!
You die...

..... ...
... (.. .
#.# #. #.#
#.# #.#
#...##g#
#..%@####..g
###g>g...#
##..#..#
##.$.#..#
..## .# .#.
.>.# ...#
...


You could see Robin, a hobgoblin (strong) and a goblin (strong).

Vanquished Creatures
  A scorpion (D:4)
  A vampire bat (D:4)
  3 adders
  3 bat skeletons (D:4)
  2 bat zombies (D:4)
  An endoplasm (D:4)
  A hobgoblin (D:3)
  2 ball pythons
  A frilled lizard (D:3)
  9 goblins
24 creatures vanquished.

Notes
Turn   | Place    | Note
-------+----------+-------------------------------------------
     0 | D:5      | qw the Gargoyle Delver began the quest for the Orb.
     0 | D:5      | Reached XP level 1. HP: 14/14 MP: 1/1
     0 | D:5      | 0 ||| qw: Version: 0.1-a-117-gfe26ee0
     0 | D:5      | 0 ||| qw: Game counter: 9590
     0 | D:5      | 0 ||| qw: Always use a shield: true
     0 | D:5      | 0 ||| qw: God list: Okawaru
     0 | D:5      | 0 ||| qw: Allow faded altars: false
     0 | D:5      | 0 ||| qw: Do Orc after D:15 true
     0 | D:5      | 0 ||| qw: Do second Lair branch before Depths: true
     0 | D:5      | 0 ||| qw: Lair rune preference: random
     0 | D:5      | 0 ||| qw: Plans: Normal
     0 | D:5      | 0 ||| PLANNING D:1-11
    77 | D:5      | Reached XP level 2. HP: 19/19 MP: 2/2
    78 | D:5      | 78 ||| DROPPING scroll of fog.
    79 | D:5      | 79 ||| DROPPING scroll of magic mapping.
    80 | D:5      | 80 ||| DROPPING scroll of fear.
    93 | D:4      | 93 ||| Stepping ~*~*~tactically~*~*~ (stealth).
   101 | D:4      | 101 ||| Stepping ~*~*~tactically~*~*~ (stealth).
   126 | D:4      | 126 ||| Stepping ~*~*~tactically~*~*~ (stealth).
   138 | D:4      | 138 ||| Stepping ~*~*~tactically~*~*~ (stealth).
   138 | D:4      | Found a staircase to the Ecumenical Temple.
   139 | D:4      | 139 ||| PLANNING TEMPLE
   139 | D:4      | 139 ||| Stepping ~*~*~tactically~*~*~ (stealth).
   180 | Temple   | Entered the Ecumenical Temple
   403 | Temple   | 403 ||| PLANNING D:1-11
   477 | Temple   | Became a worshipper of Warmaster Okawaru
   571 | D:4      | Reached skill level 3 in Axes
   613 | D:4      | 613 ||| Stepping ~*~*~tactically~*~*~ (stealth).
   618 | D:4      | 618 ||| Stepping ~*~*~tactically~*~*~ (stealth).
   620 | D:4      | 620 ||| Stepping ~*~*~tactically~*~*~ (stealth).
   622 | D:4      | 622 ||| Stepping ~*~*~tactically~*~*~ (stealth).
   626 | D:4      | Reached XP level 3. HP: 22/23 MP: 3/3
   639 | D:4      | 639 ||| Stepping ~*~*~tactically~*~*~ (stealth).
   641 | D:4      | 641 ||| Stepping ~*~*~tactically~*~*~ (stealth).
   643 | D:4      | 643 ||| Stepping ~*~*~tactically~*~*~ (stealth).
   645 | D:4      | 645 ||| Stepping ~*~*~tactically~*~*~ (stealth).
   682 | D:4      | 682 ||| Stepping ~*~*~tactically~*~*~ (stealth).
   685 | D:4      | 685 ||| Stepping ~*~*~tactically~*~*~ (stealth).
   693 | D:4      | Found an ancient bone altar of Kikubaaqudgha.
   709 | D:4      | Reached XP level 4. HP: 23/28 MP: 4/4
   765 | D:4      | 765 ||| Stepping ~*~*~tactically~*~*~ (stealth).
   767 | D:4      | 767 ||| Stepping ~*~*~tactically~*~*~ (stealth).
   769 | D:4      | 769 ||| Stepping ~*~*~tactically~*~*~ (stealth).
   771 | D:4      | 771 ||| Stepping ~*~*~tactically~*~*~ (stealth).
   773 | D:4      | 773 ||| Stepping ~*~*~tactically~*~*~ (stealth).
   775 | D:4      | 775 ||| Stepping ~*~*~tactically~*~*~ (stealth).
   777 | D:4      | 777 ||| Stepping ~*~*~tactically~*~*~ (stealth).
   898 | D:4      | Noticed a scorpion
   918 | D:4      | Killed a scorpion
   918 | D:4      | Reached * piety under Okawaru
   919 | D:4      | Reached XP level 5. HP: 23/32 MP: 5/5
  1009 | D:4      | 1009 ||| UPGRADING to +0 ring mail.
  1019 | D:4      | 1019 ||| DROPPING +0 leather armour.
  1020 | D:4      | 1020 ||| READING scroll labelled IME POXORUHUPP.
  1021 | D:4      | 1021 ||| READING 2 scrolls labelled PELEATUTOY.
  1022 | D:4      | 1022 ||| READING 2 scrolls labelled CEATWOM OQEBUBATZ.
  1023 | D:4      | 1023 ||| DRINKING 2 sedimented cyan potions.
  1024 | D:4      | 1024 ||| DROPPING scroll of vulnerability.
  1034 | D:3      | 1034 ||| Stepping ~*~*~tactically~*~*~ (stealth).
  1037 | D:3      | 1037 ||| Stepping ~*~*~tactically~*~*~ (stealth).
  1039 | D:3      | 1039 ||| INVOKING Heroism.
  1041 | D:3      | 1041 ||| INVOKING Heroism.
  1047 | D:3      | Noticed Robin
  1063 | D:3      | HP: 4/32 [hobgoblin/+0 mace of protection[Robin] (9)]
  1064 | D:3      | Mangled by a hobgoblin

Levels and vault maps discovered:
D:3:      layout_rooms, nicolae_wu_jian_wuxing_cycle,
          nicolae_overflow_crystal_walls, uniq_sigmund, uniq_robin, uniq_grinder
D:4:      layout_basic, kennysheep_vampire_church,
          minmay_temple_entry_water_ring, hex_intersection
D:5:      layout_basic, kennysheep_little_box, nicolae_alphabet_shops,
          uniq_crazy_yiuf_cottage, uniq_duvessa
Temple:   minmay_temple_bridge_d

Skill      XL: |  1  2  3  4 |
---------------+-------------+-----
Axes           | 2 3 4 |  4.7
Fighting       | |  3.2
Armour         | |  0.8
Dodging        | |  1.5
Stealth        | |  5.4

Action                   |  1- 3 |  4- 6 || total
-------------------------+-------+-------++-------
Melee: Hand axe          |    39 |    40 ||    79
       Punch             |       |     1 ||     1
Invok: Heroism           |       |     1 ||     1
  Use: Scroll            |       |     3 ||     3
       Potion            |       |     1 ||     1
Armor: Leather armour    |    33 |    14 ||    47
       Ring mail         |       |    21 ||    21
Dodge: Dodged            |    28 |    26 ||    54

Table legend:
 A = Non-vault XP
 B = Vault XP
 C = Vault XP percentage of total XP
 D = Non-vault monster count
 E = Vault monster count
 F = Vault count percentage of total count
                 A         B        C        D         E       F
            +---------+---------+-------+---------+---------+-------
      Total |     126 |      83 |  39.7 |       9 |      15 |  62.5
            +---------+---------+-------+---------+---------+-------
        D:3 |       2 |      18 |  90.0 |       2 |       9 |  81.8
        D:4 |     111 |      65 |  36.9 |       6 |       6 |  50.0
        D:5 |      13 |       0 |   0.0 |       1 |       0 |   0.0
            +---------+---------+-------+---------+---------+-------
